[Event "Vancouver Open"]
[Site "Chess.com"]
[Date "2020.07.26"]
[Round "5"]
[White "Lenderman, Aleksandr"]
[Black "Martinez Alcantara, Jose"]
[Result "1/2-1/2"]
[ECO "E32"]
[WhiteElo "2717"]
[BlackElo "2692"]
[Annotator "Aleksandr Lenderman"]
[PlyCount "64"]
[EventDate "2020.??.??"]
[SourceVersionDate "2020.06.27"]
[TimeControl "4500+10"]

{In the last round I played a strong GM from Peru, Jose Martinez, whom I've
already played several times online in shorter time controls and even played
him in 2013 over the board when he was a 14-year old 2200 kid. Already then, I
recognized a special talent in him. At least I was happy to get white in the
last round.} 1. d4 Nf6 2. c4 e6 3. Nc3 Bb4 {I decided to repeat this line
against him since I saw he almost exclusively plays d6 against it and I
thought I'll be able to get a game here.} 4. Qc2 d6 5. Nf3 (5. Bd2 {I played
this against him in the decisive blitz game against him in Rushaan's Learn to
Chess tournament and won a nice game. However I thought he would prepare for
this, so I decided to change it a little bit.}) 5... Nbd7 6. g3 b6 7. Bg2 Bb7
8. O-O O-O 9. Nd1 $5 {The principled choice. I didn't have a lot of time to
prepare but I saw that some people played this. The idea is to try to play
against the b4 bishop and at the moment I'm threatening to trap it. However,
perhaps since I didn't have time to check it deeply, it might've been better
to play a more solid option. Also I didn't feel great so it was possibly
better to play a less dynamic game this time.} c5 {This move I didn't really
analyze since I thought it's not really playable but in fact I needed to play
precisely to get an advantage here.} (9... d5 {Is another logical choice.} 10.
a3 Bd6 11. cxd5 exd5 12. Nc3 {With a slightly more comfortable position due to
black's bishop on b7 blocked in. Obviously the whole line isn't totally forced.
}) 10. a3 Ba5 11. Qa4 $6 {I thought this is quite strong but I missed a few
details.} (11. Ne3 {Seemed to give some advantage to white.} Rc8 12. b4 {
Or the more ambitious...} (12. d5 b5 (12... exd5 13. Nf5 $1) 13. dxe6 fxe6 14.
cxb5) 12... cxb4 13. axb4 Bxb4 14. Rxa7 $14) (11. b3 {With a slower idea of
Qb2 seems also decent, though in that case black can play b5 and try to get
some compensation for the pawn, for example...} Qb8 $1 12. Qb2 b5 $1 13. cxb5
cxd4 14. Nxd4 Bxg2 15. Kxg2 e5) 11... Rc8 {This is the move I expected, but it
wasn't the best surprinsgly to me.} (11... b5 $1 {I saw that move but I
thought I would be better here somehow, but it turns out black has hidden
compensation here.} 12. Qxb5 (12. cxb5 a6 {This move I didn't see somehow.} (
12... cxd4 13. Nxd4) 13. bxa6 Rxa6 14. Ne3 Qa8 $44 {This feels like a good
Benko gambit for black.}) 12... Rb8 13. Qa4 Qc7 14. b4 cxb4 15. axb4 Bxb4 $11)
12. b4 cxb4 13. axb4 Rxc4 14. Ba3 {I calculated up to here, and from far away
before I played Qa4, I missed black's next move.} Nd5 (14... Bxb4 {If this
right away I thought I was much better with...} 15. Qb3 Bxa3 16. Qxc4 d5 17.
Qb3 Bd6 18. Rxa7 $16 {And black loses a very important a7 pawn.}) 15. Qb3 {
Another tough choice.} (15. Ne3 {I considered seriously this move but then I
didn't like it because of ...} Bc6 (15... Nxe3 16. fxe3 Bxb4 17. Qb3 Bxa3 18.
Qxc4 d5 19. Qd3 Be7 20. Rxa7 Qb8 {Is relatively best for black perhaps, but
here white is of course better, since black only has one pawn for the exchange.
}) 16. Qb3 {Even better is...} (16. Qd1 $1 $16) 16... Rxb4 17. Bxb4 Nxb4 18.
Rfc1 {However here I am much better somehow still.}) 15... Rxb4 16. Bxb4 Nxb4
17. Ne3 (17. Nb2 {This might've been better.}) 17... d5 18. Rfc1 Nc6 19. Qa4
Qa8 20. Rc2 Rc8 $6 (20... a6 $15 {Was probably better.}) 21. Rac1 {Suddenly
for a few moves I have initiatve, though during the game I didn't realize that
I'm doing well here.} a6 22. Bh3 $6 {The right idea, the wrong execution.} (22.
Ng5 $3 {Here I had this unexpected resource, which I totally didn't see.
Amazingly I am much better in all the lines.} h6 (22... Nf6 23. Bh3 $1 {
Even here despite black being seemingly solid, because of his queen on a8 far
away from action, as well as his bishop on a5, I have these dynamic
possibilites.} b5 (23... Rc7 24. Nxe6 fxe6 25. Bxe6+ Kh8 26. Nxd5 Nxd5 27. Bxd5
$18) 24. Qa3 Bb4 25. Qb2 {And now black has no good defence against Nxe6.} Rc7
26. Nxe6 fxe6 27. Bxe6+ Kh8 28. Nxd5 Nxd5 29. Bxd5 Be7 30. Bf3 Bf6 31. Qa3 $1
$18 {Black's pieces are very poorly coordinated still, white has potentially
very strong points and black can easily lose more material. The lines can
really get fun here, for example...} b4 32. Qxb4 $3 Nxb4 33. Rxc7 Bc6 34. Bxc6
Qg8 35. Bb7 Bd8 36. Rc8 Nd5 37. Rb8 Nb6 38. Rc6 Nd7 39. Rxd8 Qxd8 40. Rc8 $18 {
And finally after all the smoke clears, white ends up being in a winning
endgame.}) 23. Nxf7 $3 Kxf7 24. Nxd5 $1 {Somehow he is discoordinated and I am
crashing through.} b5 25. Qa3 b4 26. Qe3 b3 27. Nf4 $3 {The only move for an
advantage.} Re8 28. Rb2 $18) 22... Nf6 $6 (22... Rc7 $1 23. Nxd5 exd5 24. Bxd7
Rxd7 25. Rxc6 Bxc6 26. Rxc6 b5 27. Qc2 Qb7 28. Ne5 Rd8 {Was relatively best
for black.}) 23. Ne5 $2 {Offiically losing the plot.} (23. Ng5 $1 {This was my
2nd chance to transpose into these winning lines for white.}) 23... b5 24. Qa1
(24. Qa3 Bb4 25. Qb2 Bd6 26. N3g4 {Was somehow better.}) 24... Bb6 (24... Bd8)
25. Nxc6 Rxc6 26. Rxc6 Bxc6 27. Nc2 $6 (27. Qa3 {This was better.} Bxd4 28. Ng4
Ne4 29. Bg2 {With counterplay.}) 27... a5 28. Nb4 Be8 29. Nd3 g6 30. e3 Qb8 31.
Qc3 Kg7 32. Qc8 Qa7 {Game drawn by agreement. I was very surprised that my
opponent offered me a draw here. I thought he is much better here, with 2
bishops, 2 nice passed pawns, and I don't really have any counterplay. I was
very happy to accept the draw here even though it didn't give me much. I was
very surprised though that my opponent didn't want to play for a win here,
since a win would give him shared 1st-2nd, while draw was only 2nd-5th. Anyway,
it was a very interesting game!} 1/2-1/2

[Event "Vancouver Open"]
[Site "Chess.com"]
[Date "2020.07.25"]
[Round "3"]
[White "Guha, Eshan"]
[Black "Tien, Sophie"]
[Result "1/2-1/2"]
[ECO "E09"]
[WhiteElo "2129"]
[BlackElo "1916"]
[Annotator "Aleksandr Lenderman"]
[PlyCount "137"]
[EventDate "2020.??.??"]
[SourceVersionDate "2020.06.27"]
[TimeControl "4500+10"]

{In this game, my student, Eshan Guha is playing against a talented girl from
Seattle, Washington, Sophie Tien. I knew this game would be tough for Eshan
since despite her 1900 rating, Sophie is very resilient and a tough defender.
From what I saw, she also gave a tough battle to an eventual winner of the
tournament, David Shahinyan, possibly being very close to making a draw. In
fact, they played each other in a serious online game one month earlier.} 1. d4
d5 2. c4 e6 3. Nf3 Nf6 4. g3 Be7 5. Bg2 O-O 6. O-O Nbd7 (6... c6 {I prefer
here the more flexible c6, waiting to see what white does.} 7. Qc2 (7. Nc3 {
After this I would prefer Nbd7.} Nbd7 {To meet Nd2 with...} 8. Nd2 b5 $1 9.
cxb5 cxb5 10. Nxb5 Qb6 11. a4 a6 12. Nc3 Qxd4 $11) 7... b6 {Here I prefer b6
in order to keep the d7 square for the other knight in the following line...}
8. Nbd2 Bb7 9. e4 Na6 10. e5 Nd7 {And here black will get c5 in and should be
fine.}) 7. Qc2 c6 8. Nbd2 Bd6 $6 {I was surpirsed to see that Sophie didn't
seem to learn the opening line after getting a tough position the last time
they played. This move seems very illogical, to go Be7 and a few moves later,
Bd6, without developing the c8 bishop yet.} (8... Re8 $6 {[%emt 0:00:38] This
was played in an earlier game where white also got an advantage, though later
after a back and forth game, the game ended up being a draw.} 9. e4 Nxe4 10. Nxe4 dxe4 11. Qxe4 Nf6 12. Qe2 $16 {[%emt 0:00:18] 1/
2-1/2 (50) BigPiano (1774)-penhotien (1920) Chess.com 2020 [Alex]}) (8... b6 {
This is the main line here with many possibilites for black after e4.} 9. e4
Bb7 (9... dxe4 10. Nxe4 Bb7 11. Nxf6+ $14) (9... dxc4 $5 10. Nxc4 Bb7 {Is
probably the most logical move.}) 10. e5 Ne8 11. cxd5 cxd5 {Is also theory
though probably supposed to be slightly better for white.}) 9. e4 dxe4 10. Nxe4
Nxe4 11. Qxe4 c5 12. Rd1 Rb8 $6 {Another move that turns out awkward
tactically.} 13. dxc5 $1 Nxc5 (13... Bxc5 14. Ng5 g6 15. Qh4 $18 h5 16. g4 $40)
14. Qd4 $2 {This is a very natural move that Eshan played very quickly but
unfortunately, this move blows a lion's share of white's advantage since now
the black bishop can safely move away and the queens will be probably
exchanged, making black survive. The lesson here is that it is very important
that when we see a good move that we like, even if it is safe and natural, we
should be disciplined enough to always consider better moves and making
candidate moves.} (14. Qc2 {Just wins since white has too many threats, in
particular, b4 and c5.} Qe7 {And this is met with...} 15. Rxd6 $1 Qxd6 16. Bf4
$18 {Taking advantage of black's misplaced rook. I think that had white spent
more time here, and look for better moves it was very easy to spot this.}) (14.
Qe1 {Also works.}) 14... Be7 15. Qxd8 Rxd8 16. Rxd8+ Bxd8 17. Bf4 Ra8 18. b4
Na6 19. Rd1 Be7 20. a3 f6 {White is obviously still much better but now black
is still in the game at least.} 21. Bd6 (21. Be3 e5 22. Nd2 {Maybe this was
better, not exchanging pieces, and also preventing Rb8 followed by b6. Here it
is very difficult for black to untangle.}) 21... Kf7 22. c5 e5 23. Nd2 Nb8 (
23... Bxd6 24. cxd6 Rb8) 24. Bd5+ Ke8 25. Nc4 Nc6 26. b5 $6 {This was based on
a forced concrete line which leads to a favorable endgame for white. However,
the problem for white is that the endgame isn't nearly as easily winning as it
seems at first. Here again, white would be better off not calculating this
line deeply, but instead to look around and look for simpler possibilites
which don't allow black much counterplay.} (26. f4 $1 {Was simpler and clearer.
Here black just doesn't have a satisfactory move. Black's main source of
counterplay is with the knight on d4 and pawn on e5 and now white just gets
rid of it.} exf4 $6 (26... Bxd6 27. Nxd6+ Kf8 28. fxe5 Nxe5 29. Nxb7 $18 {
White is up a pawn with a much better game and black has no counterplay.}) 27.
Bxc6+ bxc6 28. Re1) 26... Nd4 27. Rxd4 $1 {The point of white's last move.}
exd4 28. c6 Bxd6 29. Nxd6+ Ke7 30. cxb7 Bxb7 31. Nf5+ Kf8 32. Bxb7 Rd8 {
However this endgame turns out to not be easy to win.} 33. Kf1 g6 34. Nh4 d3
35. Ke1 {This is fine but there was an interesting alternative.} (35. Bf3 $5 {
I think this was simpler.} d2 36. Bd1 {Trying to play a4 and defend the pawn.}
Ke7 $1 37. Nf3 Kd6 38. Ke2 Kc5 39. Nxd2 Kxb5 40. Bb3 {With good winning
chances for white.}) 35... Re8+ 36. Kd2 Re2+ 37. Kxd3 Rxf2 {Now this gets
sharp and calculation is required.} 38. Nf3 {A natural human move but possibly
an inaccuracy.} (38. Kc4 $5 Rxh2 39. Nf3 Rg2 40. a4 {And apparently white's
pawns are faster. However this was far from obvious.}) 38... Ra2 39. Kc4 Rxa3
40. Nd4 Ra2 $6 (40... Ke7 {This was better.}) 41. Nc6 $1 Rxh2 $6 (41... Ke8)
42. Nxa7 $2 {I assume this was a blunder since I saw Eshan thought for a while
after black's reply.} (42. Ba6 {It looks like white is winning here since
black's pawns will be slow and white's pawn and two pieces should produce a
queen. Then white will just need to prove he knows how to mate with bishop and
knight.}) 42... Rc2+ 43. Kd5 Rc7 44. Bc6 {Thankfully white's b-pawn saves the
day and white can still draw.} Rxa7 45. b6 Ra2 46. b7 Rb2 47. Kc5 Rxb7 $1 {
This is forced because otherwise white plays Bb5 and blocks the rook and
queens the pawn.} 48. Bxb7 f5 49. Kd6 Kg7 50. Ke5 h5 51. Bd5 Kh6 52. Kf4 h4 $1
53. gxh4 Kh5 54. Kg3 g5 55. Bf7+ Kh6 56. h5 {Sadly for white, he cannot win
because he has the h-pawn and a wrong-colored bishop.} Kg7 57. Be8 Kh7 58. Bg6+
Kh6 59. Kf3 g4+ 60. Kf4 g3 61. Kxg3 f4+ 62. Kxf4 Kg7 63. Kg5 Kg8 64. Kf6 Kh8
65. h6 Kg8 66. Bd3 Kh8 67. Kg6 Kg8 68. Bc4+ Kh8 69. h7 {Game drawn by
stalemate. A very nice battle!} 1/2-1/2

[Event "Vancouver Open"]
[Site "Chess.com"]
[Date "2020.07.26"]
[Round "5"]
[White "McConnell, Griffin"]
[Black "Guha, Eshan"]
[Result "0-1"]
[ECO "B23"]
[WhiteElo "2051"]
[BlackElo "2129"]
[Annotator "Aleksandr Lenderman"]
[PlyCount "100"]
[EventDate "2020.??.??"]
[SourceVersionDate "2020.06.27"]
[TimeControl "4500+10"]

{This was a last round game that Eshan played against a young player Griffin
McConnell rated 2051 from Colorago. I was happy with Eshan on how he played
that last game and with how he finished the tournament.} 1. e4 c5 2. Nc3 Nc6 3.
f4 {The grandprix attack.} g6 4. Nf3 Bg7 5. Bb5 Nd4 6. O-O a6 7. Bd3 d6 8. Nxd4
cxd4 9. Ne2 Nf6 10. b3 (10. Nxd4 $2 Qb6 {Doesn't work for white.}) (10. c3 {
I think c3 should be played though.}) 10... O-O 11. Ng3 b5 12. Qe2 Nd7 13. Bb2
Nc5 14. Rae1 Bb7 15. c3 dxc3 16. Bxc3 Qb6 17. Qe3 Bxc3 18. dxc3 Nd7 {Smart
play by black, neutralizing any aggressive play from white by exchanging the
queens and getting into a decent endgame thanks to white's weak c3 pawn and
black potentially controlling the c5 square.} 19. Qxb6 Nxb6 20. Rc1 Rfc8 21.
Rc2 Rc7 22. Rfc1 Rac8 23. Kf2 Nd7 24. c4 Nc5 25. Ke3 b4 $1 {Showing good
understanding, ensuring that white's d3 bishop remains bad because of all the
queenside pawns being on the color of the bishop.} 26. Be2 (26. Rd2 a5 27. Bc2
{Was more tenacious.}) 26... a5 $1 {Planning to open up the queenside.} 27. Rb1
Ra8 28. Bf3 a4 29. bxa4 Rxa4 30. Rcb2 Ra3+ 31. Kd2 Nd3 (31... h5 $1 32. h4 f5
$1 {Was even stronger for black.}) 32. Rb3 Nxf4 33. Rxa3 bxa3 34. Rb4 Bc6 35.
Kc3 Ne6 36. Rb3 Ra7 37. Rb6 Bd7 38. Ne2 Nc5 39. Rb1 Na4+ 40. Kc2 Nb2 41. Kc3
Be6 42. Nd4 Bxc4 43. Ra1 Rc7 44. Nb3 Be6+ 45. Kb4 Nd3+ 46. Kb5 Rb7+ 47. Ka4
Bd7+ 48. Ka5 Rb5+ 49. Ka6 Nb4+ 50. Ka7 Bc6 {A very nice mating net for black
and a very cute finish to a great game played by Eshan. A good ending to a
tournament that started tough for Eshan with a loss to a lower-rated player.
Eshan proved to be a great fighter.} 0-1

[Event "Vancouver Open"]
[Site "Chess.com"]
[Date "2020.07.25"]
[Round "3"]
[White "Gottumukkala, Ananth"]
[Black "Bagchi, Sounak"]
[Result "1/2-1/2"]
[ECO "C54"]
[WhiteElo "1785"]
[BlackElo "1995"]
[Annotator "Aleksandr Lenderman"]
[PlyCount "70"]
[EventDate "2020.??.??"]
[SourceVersionDate "2020.06.27"]
[TimeControl "4500+10"]

{This is a game of another one of my students who is rated around 2000, Sounak
Bagchi. Here in round 3, he's playing against a tough young player slightly
below 1800, but he is dangerous since he beat Eshan very convincingly in the
first round and in an earlier tournament beat FM Nick Raptis. He gave me a
very good battle in the Seafair Open where if he played one more accurate move
at some point he could've more or less secured a draw.} 1. e4 e5 2. Nf3 Nc6 3.
Bc4 Bc5 4. c3 Nf6 5. d4 exd4 6. e5 d5 7. Bb5 {This line has become fashionable
lately.} Ne4 8. cxd4 Bb6 {The right way of playing.} (8... Bb4+ $6 9. Bd2) 9.
Nc3 O-O 10. Be3 Nxc3 (10... Bg4 {Is another possibility.}) 11. bxc3 Bf5 (11...
f6 {Here black should probably play f6 right away.}) 12. O-O f6 13. exf6 Qxf6
14. Be2 (14. Bg5 Qg6 15. Qd2 $14 {Might be a slightly better option.}) 14... h6
(14... Rae8) 15. a4 Rae8 16. Qb3 Be6 {Slightly passive.} (16... Qd6 {In order
to play Be4 in some cases.}) 17. Bb5 (17. Rae1) 17... Na5 18. Qb4 c6 19. Bd3
Nc4 $5 {An ambitious move.} (19... Bf5 20. Bxf5 Qxf5 21. Ne5 Bc7 22. f4 b6 {
Was very solid for black.}) 20. a5 Bc7 (20... Bd8 {Was interesting to not lose
a tempo.}) (20... Bh3 $5 {Was also possible but probably white can make a draw
if he wants.} 21. axb6 Bxg2 22. Kxg2 Qxf3+ 23. Kg1 Qg4+ (23... Nxe3 24. fxe3
Qxe3+ 25. Kg2 Qxd3 26. Rxf8+ Rxf8 27. bxa7 {Here black has nothing better than
a draw.}) 24. Kh1 Qf3+) 21. Bxc4 dxc4 22. Qxb7 Bd6 $6 {This move is strange
since it loses a tempo.} (22... Bb8) (22... Re7 23. Qxc6 Qf7 $44) 23. Qxc6 Rd8
24. Ne5 {Now white is in control but Sounak fights strong.} Bxe5 25. dxe5 Qf5
26. Rad1 Rd3 27. Rxd3 (27. Bd4 {Is probably much better for white.}) 27... cxd3
28. Qd6 Rf7 29. Bxa7 $6 {A little bit too greedy.} (29. f4 $16) 29... Rd7 $2 (
29... d2 $1 {This is the strongest.} 30. Be3 (30. Qxd2 Rxa7) 30... Rd7 31. Qb8+
Kh7 32. Bd4 Qc2 33. Qb1 Bb3 $17 {black wins a rook but white is still in the
game thanks to his amount of passed pawns creating counterplay.}) 30. Qb8+ Kh7
31. Bd4 Bd5 32. Qb2 (32. e6 {This was the best chance for white to continue
the game.}) 32... Bxg2 {Forcing a draw, probably rightfully so, since
otherwise he's just worse down a few pawns.} 33. Kxg2 Qg4+ 34. Kh1 Qf3+ 35. Kg1
Qg4+ {Game drawn by agreement. A very interesting fight.} (35... Rf7 {Black
could've considered delaying taking the draw and asking a few questions, but
if white plays precisely it should still be a draw.} 36. h3 (36. Re1) 36... Rf5
37. Be3 Rh5 38. Qd2 Qxh3 39. f3 $11) 1/2-1/2

[Event "Vancouver Open"]
[Site "Chess.com"]
[Date "2020.07.25"]
[Round "1"]
[White "Bagchi, Sounak"]
[Black "Devadithya, Lavindu"]
[Result "1-0"]
[ECO "B53"]
[WhiteElo "1995"]
[BlackElo "1535"]
[Annotator "Aleksandr Lenderman"]
[PlyCount "75"]
[EventDate "2020.??.??"]
[SourceVersionDate "2020.06.27"]
[TimeControl "4500+10"]

{This is Sounak's round 1 win. Even though he's playing a lower-rated, I
thought it was a nice win.} 1. e4 c5 2. Nf3 d6 3. d4 cxd4 4. Qxd4 {Sounak's
pet line.} a6 5. Be2 Nc6 6. Qe3 Nf6 7. c4 g6 8. Nc3 Bg7 9. h3 Nd7 10. O-O O-O
11. Rd1 {White gets a nice Maroczy Bind structure.} Nde5 $6 (11... Nc5 {
Was probably better.}) 12. Rb1 (12. Nxe5 Nxe5 13. c5 {Was probably stronger.})
12... Bd7 (12... Nxf3+ 13. Bxf3 e5 {Was interesting, fighting for the d4
square.}) 13. Nxe5 $6 {Here I don't like this move since it's one move too
late and now black can take with the pawn and control the d4 square.} Bxe5 $6 (
13... dxe5 $1 {Was fine for black.}) 14. b3 (14. b4 $5) 14... Na7 $6 {Too
passive.} (14... Qa5) 15. f4 Bg7 16. Bb2 b5 17. Nd5 (17. c5) (17. e5) 17... Nc8
18. Bxg7 Kxg7 19. Qc3+ (19. c5 {This is probably better right away.}) 19... Kg8
(19... f6 20. c5) 20. c5 dxc5 21. Qxc5 e6 22. Nb4 $6 (22. Nc7 Ra7 23. Rbc1 {
Was even stronger since here black cannot move his pieces.}) 22... Qb6 23. Qxb6
Nxb6 24. Rd6 a5 25. Nd3 (25. Nc6) 25... Rfb8 26. Ne5 Be8 27. f5 exf5 28. exf5
Nc8 29. Rd4 Ne7 30. fxg6 fxg6 31. Bg4 Nc6 $6 {White played imprecisely and
lost his advantage, and now black could've equalized with...} (31... Rd8 32.
Rbd1 Rxd4 33. Rxd4 a4 $11) 32. Nxc6 Bxc6 33. Rc1 $1 {Seizing the initiative
now.} Be8 34. Rc7 Rd8 $2 {Missing white's idea and loses on the spot.} (34...
Ra6 {Here white is better but black is still in the game.}) 35. Be6+ Kh8 36.
Rf4 $1 {Now it is all over. Black's pieces are uncoordinated and black cannot
defend against mate without losing lots of material.} Rd1+ 37. Kh2 Bc6 38. Rff7
{DampFalcon won by resignation. A nice start by Sounak, demonstrating good
opening preparation and tactical alertness.} 1-0